Map: Rainfall LE

Players

ViBE - Winner!

  • Race: Zerg Zerg
  • League: Master

Maximus

  • Race: Protoss Protoss
  • League: Gold

VOD

Have the link to the VOD?

Description

ViBe B2GM - ZvP Macro Example - Silver

Time

  • Played on: Oct. 21, 2026, 8:59 p.m.
  • Length: 10:33
Show
View Real Time Build Order
Export as new Build Order

ViBE Zerg - Winner!

Build Orders: Hatch First 

Get SALT Encoding   

  12  0:00  Drone  
  13  0:13  Overlord  
  13  0:16  Drone  
  14  0:31  Drone x2  
  16  0:36  Drone  
  17  0:52  Hatchery  
  17  0:57  Drone  
  17  0:58  Drone  
  18  1:11  Spawning Pool  
  17  1:13  Drone  
  17  1:17  Drone  
  19  1:28  Drone  
  20  1:42  Drone  
  20  1:43  Extractor  
  20  1:55  Drone  
  21  2:03  Queen  
  21  2:04  Queen  
  25  2:11  Drone  
  25  2:12  Drone x2  
  28  2:16  Overlord  
  28  2:24  Overlord  
  28  2:35  Drone x2  
  28  2:36  Drone  
  31  2:42  Queen  
  33  2:44  Drone  
  35  2:51  Drone  
  35  2:52  Lair  
  35  2:54  Drone  
  36  3:00  Hatchery  
  35  3:07  Roach Warren  
  35  3:08  Drone  
  35  3:10  Drone  
  36  3:13  Drone  
  36  3:14  Drone  
  36  3:17  Drone  
  36  3:19  Drone  
  40  3:20  Drone  
  40  3:23  Drone  
  40  3:25  Drone  
  43  3:29  Overlord  
  43  3:33  Drone  
  44  3:44  Overlord  
  44  3:47  Extractor, Drone x3  
  44  3:48  Drone x2, Extractor  
  47  3:57  Drone x2  
  47  4:01  Drone x2  
  47  4:02  Overlord  
  51  4:07  Glial Reconstitution  
  51  4:08  Overlord  
  51  4:10  Roach  
  51  4:12  Queen  
  55  4:19  Roach x3  
  55  4:22  Roach  
  63  4:29  Roach x3  
  63  4:31  Roach  
  71  4:34  Overlord  
  71  4:36  Drone  
  71  4:38  Drone  
  73  4:40  Drone  
  73  4:41  Drone  
  73  4:42  Drone  
  73  4:44  Drone  
  77  4:46  Drone  
  77  4:52  Drone  
  79  4:54  Drone  
  79  4:55  Drone x2  
  79  4:56  Drone  
  79  4:57  Drone x2  
  79  4:59  Drone x2  
  87  5:05  Drone x2, Hydralisk Den  
  88  5:10  Evolution Chamber x2  
  88  5:12  Drone x2  
  88  5:13  Drone  
  89  5:14  Drone  
  89  5:18  Extractor  
  89  5:19  Extractor  
  88  5:26  Overlord  
  88  5:27  Overlord, Extractor  
  88  5:28  Overlord  
  87  5:32  Drone x3  
  90  5:39  Overlord x2  
  90  5:42  Hatchery  
  90  5:46  Drone x3  
  90  5:48  Drone x3  
  95  5:50  Hydralisk x2  
  95  5:54  Grooved Spines  
  99  5:57  Hydralisk  
  99  5:58  Hydralisk  
  99  6:01  Hydralisk  
  99  6:03  Overlord  
  105  6:09  Hydralisk x2  
  105  6:10  Hydralisk  
  111  6:12  Hydralisk  
  111  6:15  Hydralisk  
  111  6:17  Hydralisk  
  117  6:19  Hydralisk  
  117  6:21  Hydralisk  
  121  6:28  Drone x4  
  121  6:30  Zerg Missile Weapons Level 1  
  121  6:32  Zerg Ground Armor Level 1  
  125  6:34  Overlord  
  125  6:36  Overlord  
  125  6:38  Overlord  
  125  6:41  Drone x2  
  125  6:44  Muscular Augments  
  127  6:52  Drone x7  
  127  6:53  Drone  
  127  6:54  Drone  
  136  7:09  Drone x3  
  136  7:10  Drone x2, Extractor  
  136  7:11  Extractor  
  136  7:13  Hydralisk x4, Hatchery  
  136  7:14  Hydralisk  
  148  7:17  Overlord  
  148  7:19  Hydralisk  
  150  7:23  Hydralisk x2  
  150  7:25  Hydralisk  
  150  7:27  Hydralisk x2  
  160  7:34  Overlord x3  
  160  7:39  Overlord  
  160  7:43  Hydralisk x4  
  168  7:51  Overlord x2  
  168  7:55  Hydralisk x5  
  168  7:56  Hydralisk  
  180  8:03  Hydralisk x2  
  180  8:04  Hydralisk x3  
  190  8:06  Hydralisk  
  190  8:09  Infestation Pit  
  191  8:18  Hydralisk x4  
  199  8:21  Drone  
  200  8:39  Spore Crawler  
  200  8:41  Spore Crawler  
  194  8:42  Spore Crawler  
  194  8:44  Spore Crawler  
  194  8:46  Spore Crawler  
  191  8:49  Hive  
  191  8:51  Drone  
  191  8:52  Drone x4  
  191  8:53  Hydralisk x2  
  196  9:04  Spine Crawler x2  
  196  9:06  Spine Crawler x2  
  196  9:07  Spine Crawler  
  196  9:08  Spine Crawler  
  176  9:11  Spine Crawler x2  
  176  9:13  Spine Crawler  
  176  9:14  Drone x11, Spine Crawler  
  176  9:16  Drone  
  180  9:21  Hydralisk  
  180  9:22  Hydralisk x2  
  184  9:28  Hydralisk x3  
  184  9:29  Hydralisk  
  192  9:32  Hydralisk  
  192  9:33  Hydralisk  
  192  9:35  Hydralisk  
  198  9:38  Hydralisk  
  200  9:48  Hatchery  
  199  9:56  Drone  
  198  10:04  Spine Crawler  
  198  10:06  Spine Crawler  
  188  10:07  Spore Crawler, Hydralisk  
  188  10:08  Hydralisk x6  
  188  10:09  Drone  
  198  10:28  Lurker Den  
Show
View Real Time Build Order
Export as new Build Order

Maximus Protoss 

Build Orders: Archon Immortal 

Get SALT Encoding   

  12  0:00  Probe  
  13  0:12  Probe  
  14  0:24  Probe  
  14  0:25  Pylon  
  15  0:43  Probe  
  15  0:46  Gateway  
  16  0:55  Probe (Chrono Boost)  
  17  1:00  Pylon  
  17  1:02  Assimilator  
  17  1:07  Probe (Chrono Boost)  
  18  1:16  Probe (Chrono Boost)  
  19  1:27  Probe  
  20  1:36  Cybernetics Core  
  20  1:41  Probe  
  21  1:53  Probe  
  22  1:55  Nexus  
  22  2:03  Assimilator  
  22  2:07  Probe (Chrono Boost)  
  23  2:14  Warp Gate (Chrono Boost)  
  24  2:15  Probe (Chrono Boost)  
  24  2:19  Stalker  
  24  2:21  Probe  
  27  2:33  Probe  
  28  2:45  Probe  
  28  2:46  Stalker  
  28  2:50  Robotics Facility  
  31  3:05  Pylon  
  31  3:07  Probe  
  31  3:12  Pylon  
  32  3:14  Probe  
  32  3:16  Stalker  
  32  3:19  Probe  
  36  3:27  Probe  
  36  3:31  Probe  
  36  3:32  Gateway  
  38  3:37  Observer  
  38  3:39  Probe  
  40  3:43  Probe  
  41  3:50  Assimilator  
  41  3:51  Probe  
  41  3:55  Assimilator, Probe  
  42  4:01  Stalker  
  45  4:03  Probe  
  45  4:06  Immortal  
  45  4:07  Probe  
  51  4:15  Probe  
  52  4:20  Probe  
  53  4:25  Stalker  
  53  4:26  Stalker  
  53  4:28  Probe (Chrono Boost)  
  58  4:34  Probe (Chrono Boost)  
  60  4:39  Probe (Chrono Boost)  
  60  4:42  Probe (Chrono Boost)  
  61  4:45  Probe (Chrono Boost)  
  62  5:02  Nexus  
  62  5:05  Pylon  
  62  5:07  Pylon  
  62  5:13  Forge  
  62  5:14  Forge  
  62  5:16  Twilight Council  
  62  5:20  Pylon  
  62  5:23  Probe x2  
  64  5:35  Probe x2, Protoss Ground Weapons Level 1  
  66  5:47  Protoss Ground Armor Level 1 (Chrono Boost)  
  66  6:01  Gateway  
  66  6:03  Gateway  
  66  6:04  Gateway  
  66  6:05  Immortal  
  66  6:06  Probe x2  
  66  6:07  Gateway  
  66  6:10  Stalker  
  74  6:12  Pylon  
  74  6:14  Stalker, Pylon  
  77  6:18  Probe x3  
  79  6:26  Charge  
  79  6:29  Assimilator  
  79  6:30  Probe x2  
  81  6:33  Assimilator  
  81  6:44  Stalker  
  83  7:00  Nexus  
  83  7:02  Immortal (Chrono Boost), Pylon  
  83  7:03  Pylon  
  83  7:06  Pylon  
  87  7:08  Assimilator  
  87  7:10  Stalker x2  
  87  7:13  Assimilator  
  91  7:16  Zealot  
  93  7:23  Templar Archives  
  93  7:27  Stalker  
  93  7:28  Stalker x2  
  99  7:30  Pylon  
  99  7:33  Probe x2 (Chrono Boost)  
  99  7:34  Probe (Chrono Boost)  
  102  7:42  Protoss Ground Weapons Level 2 (Chrono Boost), Immortal  
  109  7:45  Probe x3 (Chrono Boost)  
  109  7:52  Stalker  
  109  7:55  Protoss Ground Armor Level 2 (Chrono Boost)  
  111  8:04  Probe x3  
  114  8:16  Probe x4  
  118  8:28  Probe  
  118  8:29  High Templar x6  
  118  8:31  Immortal  
  135  8:45  Gateway  
  135  8:47  Gateway  
  135  8:49  Pylon  
  135  8:51  Pylon  
  135  8:55  Gateway  
  135  8:56  Gateway  
  135  8:57  Gateway  
  123  9:07  Archon x2  
  123  9:09  Zealot x2  
  105  9:10  Zealot x4  
  65  9:33  Stalker x6  
  65  9:36  Immortal  
  79  9:41  Stalker x2  
  78  9:53  Stalker x3  
  66  10:01  Stalker x3  
  66  10:02  Stalker x3  
  67  10:12  Stalker x2  
Tags
 
Composition
Archon Immortal
Matchup
PvZ
Player
ViBE
Add a new tag
Caveats
  • Supply blocks, unpowered buildings, or Contaminate may cause inaccurate times.
  • Supply counts are checked every 10 seconds.